 Dungeon Crawl Stone Soup version 0.30.1 (webtiles) character file.

Game seed: 18147117416867941145

567 Cheops the Basher (level 7, -13/57 HPs)
             Began as a Minotaur Fighter on July 10, 2023.
             Mangled by an ogre
             ... wielding a +0 giant club
              (31 damage)
             ... on level 5 of the Dungeon.
             The game lasted 00:08:41 (3491 turns).

Cheops the Basher (Minotaur Fighter)                Turns: 3491, Time: 00:08:42

Health: -13/57     AC: 12    Str: 22    XL:     7   Next: 11%
Magic:  6/6        EV:  8    Int:  5    God:
Gold:   154        SH: 11    Dex: 10    Spells: 6/6 levels left

rFire   . . .        a - +0 flail (heavy)
rCold   . . .        l - +2 buckler
rNeg    + . .        c - +0 chain mail
rPois   .            (helmet restricted)
rElec   .            x - +0 cloak
rCorr   +            t - +0 pair of gloves
SInv    .            m - +0 pair of boots
Will    .....        p - amulet of reflection Stlth
                     i - ring of positive energy
HPRegen 0.29/turn    B - ring of resist corrosion
MPRegen 0.10/turn

%: reflection
@: studying Ranged Weapons
A: horns 2, retaliatory headbutt
a: no special abilities


You were on level 5 of the Dungeon.
You visited 1 branch of the dungeon, and saw 5 of its levels.

You collected 154 gold pieces.

Inventory:

Hand Weapons
 a - a +0 heavy flail (weapon)
 f - a +0 flail
Armour
 b - a +0 scale mail
 c - a +0 chain mail (worn)
 l - a +2 buckler (worn)
 m - a +0 pair of boots (worn)
 t - a +0 pair of gloves (worn)
 x - a +0 cloak (worn)
Jewellery
 i - a ring of positive energy (left hand)
 p - an amulet of reflection (around neck)
 B - a ring of resist corrosion (right hand)
Wands
 s - a wand of mindburst (13)
 A - a wand of roots (10)
Scrolls
 g - a scroll of vulnerability {unknown}
 k - 3 scrolls of identify {unknown}
 q - a scroll of poison {unknown}
 u - 2 scrolls of immolation {unknown}
 v - 3 scrolls of teleportation {unknown}
 w - a scroll of noise {unknown}
 y - a scroll of magic mapping {unknown}
Potions
 d - a potion of might
 e - 3 potions of curing {unknown}
 h - a potion of brilliance {unknown}
 j - a potion of flight {unknown}
 n - 2 potions of degeneration {unknown}
 o - a potion of attraction {unknown}
 r - a potion of magic {unknown}
 z - 6 potions of heal wounds {unknown}


   Skills:
 - Level 3.6 Fighting
 + Level 9.4 Maces & Flails
 - Level 3.6 Armour
 - Level 3.6 Shields


You had 6 spell levels left.
You didn't know any spells.
Your spell library contained the following spells:

 Spells                   Type           Power      Damage    Failure   Level
 Foxfire                  Conj/Fire      0%         2x1d4     99%         1
 Slow                     Hex            0%         N/A       99%         1
 Ensorcelled Hibernation  Hex/Ice        0%         N/A       99%         2
 Confusing Touch          Hex            0%         N/A       100%        3
 Spider Form              Tmut/Pois      0%         N/A       100%        3
 Vampiric Draining        Necr           0%         2d6       100%        3
 Anguish                  Hex/Necr       0%         N/A       100%        4
 Fireball                 Conj/Fire      0%         3d3       100%        5
 Plasma Beam              Fire/Air       0%         2x1d11    100%        6
 Starburst                Conj/Fire      0%         6d3       100%        6


Dungeon Overview and Level Annotations

Branches:
Dungeon (5/15)
 Temple: D:4-7

Altars:

Shops:
D:1 =   D:4 =


Innate Abilities, Weirdness & Mutations

You have a pair of horns on your head.
You reflexively headbutt those who attack you in melee.


Message History

You block the sleepcap's attack.
You hit the sleepcap but do no damage. You headbutt the sleepcap.
You destroy the sleepcap!
No target in view!
There is a stone staircase leading up here.
You climb upwards.
There is a stone staircase leading down here.
There is a stone staircase leading down here.
You climb downwards.
You hear the sound of rushing water.
There is an entrance to a sewer on this level.
Hurry and find it before the portal rusts away!
You hear the slow rusting of a very distant drain.
There is a stone staircase leading up here.
Unknown command.
You open the door.
An ufetubus and an ogre come into view.
The ufetubus shouts!
The ogre shouts!
There is an open door here.
You hit the ogre.
The ogre is lightly wounded.
You block the ufetubus's attack. x2; The ogre hits you with a +0 giant club.
The ufetubus hits you but does no damage.
The ufetubus hits you.
You hit the ogre.
The ogre is moderately wounded.
You block the ufetubus's attack. x2
The ogre hits you with a +0 giant club!!
Ouch! That really hurt!
* * * LOW HITPOINT WARNING * * *
A sleepcap comes into view.
An iguana comes into view.
The ufetubus hits you.
* * * LOW HITPOINT WARNING * * *
The ufetubus closely misses you.
The iguana hisses angrily.
You sock the ogre!
The ogre is almost dead.
You block the ufetubus's attack. The ufetubus misses you.
The ogre hits you with a +0 giant club!!
Ouch! That really hurt!
You die...

... .. f.
#######.
##...#..##+##
.
#...<#.......
.
#....#......l
.
#....@O......
.
#....#5......
.
#....#.......
.
#....#.......
.
####+##.##.##
# +# #


You could see an ogre, a sleepcap, an iguana and an ufetubus.

Vanquished Creatures
  An orc warrior (D:4)
  A scorpion (D:4)
  A hound (D:3)
  2 orc priests
  Crazy Yiuf (D:3)
  2 sleepcaps
  3 orc wizards (D:4)
  5 adders
  4 worms
  2 dart slugs (D:1)
  14 orcs
  12 ball pythons
  3 bats
  9 endoplasms
  2 giant cockroaches
  5 goblins
  6 hobgoblins
  13 jackals
  5 kobolds
  6 frilled lizards
  5 rats
102 creatures vanquished.

Notes
Turn   | Place    | Note
-------+----------+-------------------------------------------
     0 | D:1      | Cheops the Minotaur Fighter began the quest for the Orb.
     0 | D:1      | Reached XP level 1. HP: 19/19 MP: 0/0
    83 | D:1      | Reached skill level 3 in Maces & Flails
    94 | D:1      | Reached XP level 2. HP: 24/26 MP: 1/1
   246 | D:1      | Reached skill level 4 in Maces & Flails
   349 | D:1      | Reached XP level 3. HP: 29/31 MP: 2/2
   494 | D:1      | Found Yxkaabec's Jewellery Boutique.
   978 | D:2      | Reached skill level 5 in Maces & Flails
  1273 | D:2      | Reached XP level 4. HP: 39/39 MP: 3/3
  1782 | D:3      | Reached skill level 6 in Maces & Flails
  1983 | D:3      | Reached XP level 5. HP: 45/45 MP: 4/4
  2096 | D:3      | Found a runed translucent door.
  2097 | D:3      | Noticed Crazy Yiuf
  2374 | D:3      | Killed Crazy Yiuf
  2554 | D:4      | Reached skill level 7 in Maces & Flails
  2699 | D:4      | Found Ydweigud's Jewellery Shoppe.
  2703 | D:4      | Reached XP level 6. HP: 51/51 MP: 5/5
  2781 | D:4      | Noticed an orc warrior
  2830 | D:3      | Reached skill level 8 in Maces & Flails
  3049 | D:4      | Killed an orc warrior
  3183 | D:4      | Reached skill level 9 in Maces & Flails
  3226 | D:4      | Reached XP level 7. HP: 38/57 MP: 6/6
  3405 | D:5      | Entered Level 5 of the Dungeon
  3491 | D:5      | Mangled by an ogre

Illustrated notes

Levels and vault maps discovered:
D:1:      lightli_arrival_windingriver, layout_loops_cross, serial_shops,
          nicolae_square_shop
D:2:      layout_loops_cross
D:3:      layout_loops_ring, st_stairs_5, chequers_serial_rivers_small_b,
          grunt_decor_clamped, uniq_crazy_yiuf_cottage
D:4:      layout_basic, serial_shops, shop, minivault_14, minmay_manual_mail
D:5:      layout_gridville, minmay_temple_entry_mini_moons,
          portal_sewer_entry_e, st_stairs_13, kennysheep_donut, hex_tiny

Skill      XL: |  1  2  3  4  5  6 |
---------------+-------------------+-----
Maces & Flails | 3 4 5 6 7 9 |  9.4
Fighting       | |  3.6
Armour         | |  3.6
Shields        | |  3.6

Action                     |  1- 3 |  4- 6 |  7- 9 || total
---------------------------+-------+-------+-------++-------
  Melee: Flail             |    71 |   135 |    16 ||   222
         Headbutt          |     5 |    16 |     3 ||    24
    Use: Scroll            |       |     1 |       ||     1
 Armour: Scale mail        |    21 |    44 |       ||    65
         Chain mail        |       |     7 |     5 ||    12
  Dodge: Dodged            |    37 |    38 |     3 ||    78
  Block: Buckler           |    18 |    71 |    12 ||   101
         Reflection        |       |     7 |       ||     7
